 Dungeon Crawl Stone Soup version 0.27-a0-277-g024f7ef292 (webtiles) character file.

Game seed: 8350713608916135476

277 siradein the Caller (level 6, 0/41 HPs)
             Began as a Vampire Summoner on Feb 6, 2021.
             Slain by Duvessa
             ... wielding a +0 short sword
              (14 damage)
             ... on level 4 of the Dungeon.
             The game lasted 00:22:10 (4759 turns).

siradein the Caller (Vampire Summoner)              Turns: 4759, Time: 00:22:10

Health: 0/41       AC:  6    Str:  7    XL:     6   Next: 4%
Magic:  12/12      EV: 12    Int: 19    God:
Gold:   244        SH:  0    Dex: 15    Spells: 0/13 levels left

rFire    . . .     SeeInvis +   l - +2 quarterstaff (chaos)
rCold    + . .     Faith    .   (shield currently unavailable)
rNeg     . . .     Spirit   .   c - +1 leather armour {rC+}
rPois    .         Reflect  .   n - +0 helmet {SInv}
rElec    .         Harm     .   m - +0 cloak
rCorr    .         Rampage  .   (no gloves)
Will     .....                  (no boots)
Stlth    ++........             f - amulet of magic regeneration
HPRegen  0.33/turn              (no ring)
MPRegen  0.38/turn              (no ring)

@: regenerating quickly
A: fangs 3, see invisible, unbreathing
a: Exsanguinate


You were on level 4 of the Dungeon.
You visited 1 branch of the dungeon, and saw 4 of its levels.

You collected 244 gold pieces.

Inventory:

Hand Weapons
 l - a +2 quarterstaff of chaos (weapon)
Armour
 c - a +1 leather armour of cold resistance (worn)
 m - a +0 cloak (worn)
 n - a +0 helmet of see invisible (worn)
Jewellery
 f - an amulet of magic regeneration (around neck)
Wands
 t - a wand of paralysis (1)
Scrolls
 a - 2 scrolls of identify
 b - a scroll of teleportation
 i - 2 scrolls of remove curse
 k - a scroll of magic mapping
 q - a scroll of fear {unknown}
 r - a scroll of amnesia {unknown}
 s - a scroll of fog {unknown}
Potions
 d - a potion of resistance
 e - 2 potions of lignification {unknown}
 g - 2 potions of flight {unknown}
 h - a potion of curing
 j - a potion of haste {unknown}
 o - a potion of brilliance {unknown}
 p - a potion of heal wounds {unknown}
 u - a potion of might {unknown}


   Skills:
 - Level 2.1 Dodging
 - Level 3.0 Stealth
 + Level 4.3 Spellcasting
 + Level 5.9 Summonings


You couldn't memorise any spells.
You knew the following spells:

 Your Spells              Type           Power        Failure   Level
a - Summon Small Mammal   Summ           100%         1%          1
b - Call Imp              Summ           26%          2%          2
c - Call Canine Familiar  Summ           26%          5%          3
d - Summon Guardian Gole  Hex/Summ       15%          19%         3
e - Summon Ice Beast      Ice/Summ       15%          52%         4

Your spell library contained the following spells:

 Spells                   Type           Power        Failure   Level
 Summon Lightning Spire   Summ/Air       15%          52%         4


Dungeon Overview and Level Annotations

Branches:
Dungeon (4/15)
 Temple: D:4-7

Altars:
Ashenzari
Dithmenos
Elyvilon
Trog
The Shining One

Annotations:
D:4 Duvessa


Innate Abilities, Weirdness & Mutations

Your natural rate of healing is unusually fast.
You have razor-sharp teeth.
You have supernaturally acute eyesight. (SInv)
You can survive without breathing.


Message History

You now have 244 gold pieces (gained 5).
You see here 25 bolts.
a - 2 scrolls of identify (gained 1)
You see here a +0 hand axe.
Things that are here:
a +0 robe; a +0 dagger Duvessa shouts!
Duvessa goes berserk!
Duvessa rages.
Duvessa hits you with a +0 short sword! Duvessa hits you with a +0 short sword.
Duvessa rages.
Duvessa hits you with a +0 short sword. Duvessa closely misses you.
Duvessa hits you with a +0 short sword. Duvessa barely misses you.
Duvessa rages.
There is a stone staircase leading up here.
Duvessa barely misses you. Duvessa hits you with a +0 short sword!
You die...

###.....###........##..........#.
>#...##.# #......................
.#...##.###...###...........##...
...............##................
...##,###.......#................
#..######......................#.
#....................(....###..##
..........##....e.....###..##.###
....##..#.#.....@......###.....#.
.#......#..............).........
.......##..............#.........
.......#..##...........#.........
.###............<.#..............
.#........#.............>..##....
#....(............#...##.......#.
#.......).........########....##.
...#..............# ####..#...


You could see Duvessa (berserk).

Vanquished Creatures (collateral kills)
  An ogre (D:4)
  A necrophage (D:3)
  Dowan (D:4)
  Crazy Yiuf (D:2)
  Ijyb (D:4)
  A worker ant (D:4)
  An orc wizard (D:4)
  Robin (D:3)
  4 gnolls (D:3)
  7 adders
  2 oozes (D:1)
  2 worms
  3 dart slugs
  2 leopard geckos
  3 orcs (D:4)
  5 giant cockroaches
  9 hobgoblins
  5 kobolds
  2 quokkas
  9 bats
  3 frilled lizards
  9 goblins
  14 rats
87 creatures vanquished.

Notes
Turn   | Place    | Note
-------+----------+-------------------------------------------
     0 | D:1      | siradein the Vampire Summoner began the quest for the Orb.
     0 | D:1      | Reached XP level 1. HP: 13/13 MP: 3/3
   257 | D:1      | Reached XP level 2. HP: 19/19 MP: 0/5
   269 | D:1      | Learned a level 2 spell: Call Imp
  1768 | D:2      | Reached XP level 3. HP: 24/24 MP: 1/7
  2337 | D:2      | Found a runed translucent door.
  2338 | D:2      | Noticed Crazy Yiuf
  2442 | D:2      | Killed Crazy Yiuf
  2585 | D:3      | Noticed a necrophage
  2735 | D:3      | Reached XP level 4. HP: 30/30 MP: 1/8
  2739 | D:3      | Noticed Robin
  2751 | D:3      | Killed Robin
  2817 | D:3      | Learned a level 3 spell: Call Canine Familiar
  2924 | D:3      | Reached skill level 5 in Summonings
  3150 | D:3      | Killed a necrophage
  3300 | D:3      | Reached XP level 5. HP: 35/35 MP: 7/10
  3581 | D:4      | Found a shadowy altar of Dithmenos.
  3664 | D:4      | Found a white marble altar of Elyvilon.
  3757 | D:4      | Learned a level 3 spell: Summon Guardian Golem
  3850 | D:4      | Noticed Dowan
  3854 | D:4      | Noticed Duvessa
  4088 | D:4      | Noticed Ijyb
  4096 | D:4      | Paralysed by Ijyb for 2 turns
  4231 | D:4      | Paralysed by Ijyb for 7 turns
  4242 | D:4      | Paralysed by Ijyb for 2 turns
  4258 | D:4      | Killed Ijyb
  4271 | D:4      | Killed Dowan
  4450 | D:4      | Noticed an ogre
  4463 | D:4      | Killed an ogre
  4464 | D:4      | Reached XP level 6. HP: 41/41 MP: 3/12
  4524 | D:4      | Learned a level 4 spell: Summon Ice Beast
  4529 | D:4      | Found a broken altar of Ashenzari.
  4604 | D:4      | Found a glowing golden altar of the Shining One.
  4609 | D:4      | Found a bloodstained altar of Trog.
  4759 | D:4      | Slain by Duvessa

Illustrated notes

Levels and vault maps discovered:
D:1:      evilmike_arrival_rings, layout_basic
D:2:      layout_basic, uniq_crazy_yiuf_cottage
D:3:      layout_loops_ring, minmay_fountain_box, hangedman_decor_lopped,
          uniq_robin
D:4:      layout_cave_pools, nicolae_overflow_crystal_walls,
          overflow_temple_1_default, grunt_dithmenos_smoke, minitemple,
          uniq_ijyb, uniq_duvessa

Skill      XL: |  1  2  3  4  5 |
---------------+----------------+-----
Spellcasting   | 3 4 |  4.3
Summonings     | 5 |  5.9
Dodging        | |  2.1
Stealth        | |  3.0

Action                   |  1- 3 |  4- 6 || total
-------------------------+-------+-------++-------
Melee: Quarterstaff      |       |     2 ||     2
       Bite              |       |     1 ||     1
 Cast: Summon Small Mamm |    24 |       ||    24
       Call Imp          |    43 |    56 ||    99
       Call Canine Famil |       |     5 ||     5
  Use: Scroll            |       |     5 ||     5
Armor: Robe              |     5 |       ||     5
       Leather armour    |    11 |    15 ||    26
Dodge: Dodged            |    58 |    23 ||    81

Table legend: (Time is in decaauts)
 A = Elapsed time spent in this place.
 B = Non-inter-level travel time spent in this place.
 C = Inter-level travel time spent in this place.
 D = Time resting spent in this place.
 E = Time spent auto-exploring this place.
 F = Levels seen in this place.
 G = Mean time per level.
                   A        B        C        D        E       F      G
               +--------+--------+--------+--------+--------+-----+--------+
         Total |   4824 |   4744 |     80 |    178 |   3174 |   4 | 1206.0 |
       Dungeon |   4824 |   4744 |     80 |    178 |   3174 |   4 | 1206.0 |
               +--------+--------+--------+--------+--------+-----+--------+

Top non-repeatable levels by time:
     D:1: 1493 daAuts
     D:3: 1285 daAuts
     D:2: 1215 daAuts
     D:4: 829 daAuts
